Map: Overgrowth LE (Void)

Players

Trizztein - Winner!

  • Race: Terran Terran
  • League: Diamond
  • Spawn Location: 7:00

Vermillion

  • Race: Terran Terran
  • League: Diamond
  • Spawn Location: 1:00

VOD

Have the link to the VOD?

Description

Time

  • Played on: Dec. 11, 2016, 7:40 p.m.
  • Length: 15:19
Show
View Real Time Build Order
Export as new Build Order

Trizztein Terran - Winner!

Build Orders: Mech 

Get SALT Encoding   

  12  0:00  SCV  
  13  0:12  SCV  
  14  0:17  Supply Depot  
  14  0:24  SCV  
  15  0:39  SCV  
  15  0:41  Barracks  
  16  0:46  Refinery  
  16  0:51  SCV  
  17  1:03  SCV  
  18  1:15  SCV  
  20  1:33  Reaper  
  20  1:34  Orbital Command  
  20  1:44  Command Center  
  20  2:03  Supply Depot  
  20  2:05  Marine, SCV  
  22  2:11  Factory  
  22  2:18  SCV  
  22  2:20  Refinery  
  23  2:26  Barracks Reactor  
  23  2:30  SCV  
  24  2:42  SCV  
  25  2:54  SCV  
  25  2:56  Starport  
  26  2:58  Factory Tech Lab  
  26  3:01  Orbital Command  
  26  3:04  Marine x2  
  28  3:06  SCV  
  29  3:16  Refinery  
  29  3:19  SCV  
  30  3:22  Siege Tank  
  30  3:27  Marine x2  
  33  3:31  SCV  
  36  3:36  SCV  
  37  3:41  Starport Tech Lab  
  37  3:43  SCV  
  37  3:45  Marine x2  
  37  3:47  Supply Depot  
  40  3:48  SCV  
  40  3:55  Siege Tank, SCV  
  45  4:00  SCV  
  46  4:09  SCV  
  47  4:10  Supply Depot  
  47  4:12  Raven  
  47  4:13  SCV  
  50  4:21  SCV  
  50  4:22  Marine x2  
  53  4:25  SCV  
  54  4:31  Siege Tank  
  54  4:33  SCV  
  54  4:37  Supply Depot, SCV  
  59  4:45  Command Center, SCV  
  60  4:53  SCV  
  60  4:57  SCV  
  62  5:07  SCV  
  62  5:08  Factory  
  62  5:09  SCV  
  62  5:10  Refinery  
  62  5:12  Barracks Reactor  
  64  5:15  Medivac x2  
  64  5:20  SCV  
  69  5:21  SCV  
  70  5:31  Supply Depot x2  
  70  5:33  SCV  
  70  5:52  SCV  
  70  5:53  SCV, Siege Tank  
  74  6:04  SCV  
  74  6:05  SCV  
  77  6:12  Orbital Command  
  77  6:16  SCV  
  77  6:17  SCV  
  77  6:18  Armory x2  
  78  6:21  Factory  
  78  6:28  SCV  
  78  6:29  SCV  
  80  6:34  Refinery  
  80  6:37  Refinery  
  80  6:39  SCV  
  81  6:41  SCV x2  
  83  6:47  Hellion  
  83  6:48  Cyclone, Hellion  
  87  6:58  Command Center  
  79  7:12  Widow Mine x3  
  82  7:20  Siege Tank  
  81  7:34  SCV x3  
  84  7:37  Viking x2  
  84  7:40  Widow Mine x2  
  84  7:41  Siege Tank  
  84  7:43  Factory  
  95  7:44  Factory  
  95  7:45  Supply Depot x2, Barracks Reactor  
  95  7:46  Supply Depot  
  95  7:52  Siege Tank  
  95  7:53  SCV  
  99  8:03  Terran Vehicle Weapons Level 1, Terran Vehicle And Ship Armor Level 1  
  99  8:09  Widow Mine  
  99  8:10  Hellion  
  103  8:13  Starport, Cyclone  
  103  8:18  SCV x3  
  108  8:24  Cyclone  
  108  8:25  Supply Depot x2  
  108  8:26  Engineering Bay, Supply Depot  
  111  8:29  Infernal Pre-Igniter  
  111  8:30  SCV x3  
  111  8:31  Hellion x3  
  117  8:45  Siege Tank  
  117  8:48  SCV x3  
  123  8:55  Factory Tech Lab  
  123  8:58  Starport Reactor  
  123  8:59  Viking x2  
  123  9:00  SCV x3  
  130  9:08  Hellion  
  130  9:09  Supply Depot, Siege Tank, Hellion x2  
  139  9:12  Supply Depot, SCV  
  139  9:14  Supply Depot  
  139  9:15  Planetary Fortress  
  139  9:17  Supply Depot, Siege Tank  
  143  9:25  Refinery  
  143  9:27  Sensor Tower  
  143  9:29  SCV  
  143  9:30  Refinery, Siege Tank  
  147  9:32  Hellion x2  
  147  9:33  Cyclone x2  
  157  9:40  Supply Depot  
  157  9:42  Supply Depot, Siege Tank  
  160  9:49  Siege Tank  
  160  9:50  Missile Turret  
  160  9:51  Missile Turret  
  160  9:52  SCV x2, Missile Turret  
  165  9:56  Missile Turret  
  165  9:58  Hellion x2  
  169  10:02  Siege Tank  
  169  10:06  Terran Vehicle Weapons Level 2  
  172  10:11  SCV x2  
  172  10:14  Siege Tank  
  177  10:15  Liberator x2  
  177  10:17  Missile Turret  
  177  10:21  Siege Tank  
  180  10:32  Viking x2  
  180  10:35  Cyclone  
  193  10:41  SCV  
  185  11:00  Liberator x2  
  185  11:09  Missile Turret  
  181  11:17  Viking x2  
  187  11:32  Hellion  
  187  11:33  Hellion  
  187  11:34  Terran Vehicle And Ship Armor Level 2  
  187  11:50  Siege Tank x2  
  187  11:51  Siege Tank  
  187  11:52  Hellion x2  
  173  12:17  SCV x3  
  166  12:26  SCV  
  166  12:29  SCV x2  
  166  12:36  SCV  
  161  12:39  SCV  
  161  12:41  SCV  
  161  12:43  Sensor Tower  
  163  12:47  Siege Tank  
  163  12:48  Cyclone x2, Siege Tank x2  
  163  12:49  Cyclone  
  181  12:52  Command Center  
  181  13:03  Liberator x2  
  176  13:12  Hellion  
  176  13:19  Siege Tank  
  179  13:20  Viking x2, Hellion  
  191  13:29  Hellion x3  
  191  13:30  Hellion  
  191  13:33  Liberator  
  195  13:36  Hellion  
  197  13:41  Hellion  
  198  14:10  Hellion x2  
  200  14:28  Viking  
  193  14:39  Hellion x2  
  193  14:40  Hellion  
Show
View Real Time Build Order
Export as new Build Order

Vermillion Terran 

Build Orders: Reaper Expand, MMM Bio 

Get SALT Encoding   

  12  0:01  SCV  
  13  0:13  SCV  
  14  0:17  Supply Depot  
  14  0:25  SCV  
  15  0:36  Refinery  
  15  0:39  SCV  
  16  0:47  Barracks  
  16  0:51  SCV  
  17  1:03  SCV  
  18  1:15  SCV  
  19  1:33  Orbital Command  
  19  1:34  Reaper  
  20  1:54  Command Center  
  20  1:55  Refinery  
  20  1:57  Supply Depot  
  20  2:00  SCV  
  21  2:11  Factory  
  21  2:15  SCV  
  22  2:21  Barracks Reactor  
  22  2:27  SCV  
  21  2:39  SCV  
  22  2:51  SCV  
  22  2:55  Factory Tech Lab  
  22  2:56  Starport  
  22  2:57  Marine x2  
  25  3:03  SCV  
  26  3:07  Orbital Command  
  26  3:14  Siege Tank  
  26  3:15  Marine x2  
  26  3:19  SCV  
  32  3:25  Orbital Command  
  32  3:30  Engineering Bay  
  32  3:31  SCV  
  33  3:35  Viking  
  35  3:51  SCV x2  
  35  3:54  Factory Tech Lab, Barracks  
  37  3:56  Stimpack  
  37  3:57  Marine  
  38  4:03  SCV  
  38  4:05  Supply Depot  
  39  4:11  SCV  
  39  4:12  Viking  
  39  4:17  SCV  
  43  4:22  Refinery  
  43  4:23  SCV  
  44  4:29  Marine, SCV  
  46  4:33  Supply Depot  
  46  4:36  SCV, Siege Tank  
  50  4:41  SCV  
  51  4:48  SCV  
  51  4:55  Marine x3  
  54  5:01  Starport Reactor, Command Center  
  54  5:02  SCV  
  54  5:03  SCV  
  56  5:14  Marine x3  
  59  5:21  SCV  
  59  5:22  SCV  
  59  5:28  Supply Depot  
  61  5:32  Marine  
  61  5:34  Refinery  
  61  5:35  Terran Infantry Weapons Level 1, Engineering Bay  
  62  5:41  Marine  
  62  5:44  Marine  
  62  5:49  Medivac x2, Siege Tank  
  69  5:50  Supply Depot  
  69  5:52  SCV  
  69  5:57  Supply Depot  
  70  6:00  Supply Depot  
  70  6:12  Supply Depot, Marine x3, SCV x2  
  70  6:13  Orbital Command  
  70  6:16  Combat Shields  
  75  6:23  Viking  
  77  6:29  Marine  
  77  6:37  Marine x2  
  73  6:59  Marine x3  
  63  7:09  SCV  
  63  7:10  SCV  
  63  7:13  Terran Infantry Armor Level 1  
  61  7:17  Marine x3  
  61  7:20  Siege Tank  
  71  7:28  Barracks  
  71  7:29  Refinery, Barracks  
  71  7:30  Orbital Command  
  71  7:33  Missile Turret  
  71  7:35  Marine x3  
  74  7:38  Missile Turret  
  74  7:41  Viking x2  
  74  7:42  SCV x2  
  76  7:53  Marine x3  
  76  7:56  Armory, SCV x3  
  82  8:07  Sensor Tower  
  82  8:08  SCV x2  
  82  8:10  Marine  
  82  8:11  Marine x2  
  87  8:17  Barracks Reactor  
  87  8:18  Barracks Reactor  
  85  8:27  SCV x3  
  85  8:28  Marine x2, Siege Tank  
  85  8:29  Marine, Viking, Medivac  
  98  8:39  SCV x2  
  100  8:42  Supply Depot  
  100  8:43  SCV  
  100  8:44  Supply Depot  
  100  8:46  Marine x2  
  100  8:48  Marine, Concussive Shells, Barracks  
  103  8:49  Barracks  
  103  8:51  SCV  
  103  8:52  SCV  
  103  8:54  Marine x3  
  109  8:58  Terran Vehicle Weapons Level 1  
  109  8:59  Terran Infantry Weapons Level 2  
  109  9:02  Refinery  
  109  9:04  Marine x3, SCV  
  109  9:06  Marine  
  114  9:11  Medivac  
  114  9:12  Marine x3  
  114  9:14  Terran Infantry Armor Level 2  
  114  9:16  SCV  
  123  9:17  SCV  
  123  9:21  SCV  
  123  9:22  Marine  
  125  9:26  Supply Depot  
  125  9:27  Supply Depot  
  125  9:29  Marine x2, SCV x2  
  125  9:30  Marine x2, Marauder  
  133  9:36  Viking  
  133  9:39  Barracks Reactor  
  133  9:40  Barracks Reactor  
  133  9:47  Marine, SCV, Siege Tank  
  133  9:50  Marine x2  
  133  9:51  Marauder  
  142  9:56  Command Center, SCV x2  
  142  9:58  Marine x2  
  146  10:00  SCV  
  145  10:07  Factory  
  145  10:08  Factory  
  145  10:11  Marine  
  145  10:12  Marine x3  
  149  10:22  Marine  
  149  10:37  Supply Depot x2  
  149  10:38  Supply Depot  
  149  10:40  Supply Depot  
  149  10:55  Marine x3  
  149  10:57  Marine x3  
  148  10:58  Marine, Viking x2  
  148  10:59  Siege Tank  
  155  11:06  Barracks Tech Lab  
  155  11:07  Factory Tech Lab  
  155  11:08  Factory Tech Lab, Barracks Tech Lab  
  155  11:09  Terran Vehicle Weapons Level 2  
  155  11:13  Marine x3  
  155  11:15  Marauder  
  160  11:26  Marauder  
  160  11:27  Marauder  
  164  11:36  Marine x4, Marauder  
  170  11:40  SCV x2  
  170  11:41  SCV, Orbital Command  
  170  11:46  Terran Infantry Weapons Level 3  
  173  11:47  Terran Infantry Armor Level 3  
  173  11:48  Marauder x2  
  173  11:50  Command Center  
  177  11:58  Marauder  
  166  12:15  Marine x5  
  150  12:16  Marine, Marauder  
  150  12:19  Marine x2  
  108  12:33  Marine x6  
  108  12:34  SCV x2  
  108  12:35  SCV x2  
  116  12:37  Marauder x2  
  120  12:46  Supply Depot, Marine, SCV x2  
  120  12:47  Supply Depot  
  120  12:50  Marine  
  120  12:51  Marine  
  125  12:52  Marine x2  
  125  12:53  Marine x2  
  125  12:54  Medivac x2  
  133  12:59  Marauder x2  
  133  13:04  Marauder  
  137  13:08  Marine x2  
  137  13:11  SCV  
  134  13:20  Marine x4, Marauder  
  134  13:23  Siege Tank x2  
  134  13:24  Viking x2  
  143  13:42  Siege Tank  
  146  13:51  Planetary Fortress  
  146  13:54  Viking  
  148  13:55  Siege Tank  
  148  13:56  Siege Tank  
  148  13:57  Orbital Command  
  143  14:03  Marine x3  
  143  14:04  Marine x2, Marauder  
  148  14:14  Siege Tank  
  149  14:18  Viking  
  151  14:24  Viking  
  149  14:48  Viking  
Tags
 
Add a new tag
Caveats
  • Supply blocks, unpowered buildings, or Contaminate may cause inaccurate times.
  • Supply counts are checked every 10 seconds.